 Dungeon Crawl Stone Soup version 0.32-a0-119-g2e8054a333 (webtiles) character file.

Game seed: 17671186506294816407

128 Dirtsage the Changeling (level 5, 0/34 HPs)
             Began as an Octopode Shapeshifter on Feb 6, 2024.
             Slain by a gnoll
             ... wielding a +0 spear
              (6 damage)
             ... on level 3 of the Dungeon.
             The game lasted 00:04:43 (2365 turns).

Dirtsage the Changeling (Octopode Shapeshifter)     Turns: 2365, Time: 00:04:44

Health: 0/34       AC:  1    Str: 13    XL:     5   Next: 11%
Magic:  5/5        EV: 13    Int: 12    God:
Gold:   153        SH:  0    Dex: 14    Spells: 4/4 levels left

rFire   . .          .
                       - Unarmed
rCold   . . .        (no shield)
rNeg    . . .        (helmet currently unavailable)
rPois   +            (no amulet)
rElec   .            W - ring of wizardry
rCorr   .            P - ring of poison resistance
SInv    .            (no ring)
Will    .....        (no ring)
Stlth   ++           (no ring)
HPRegen 0.25/turn    (no ring)
MPRegen 0.09/turn    (no ring)
                     (no ring)

%: wizardry (x1)
@: beast-form
A: beast (slay +2), almost no armour, amphibious, 8 rings, camouflage 1,
gelatinous body 1, (nimble swimmer 1), tentacles
a: Begin Untransformation


You were on level 3 of the Dungeon.
You were a hulking beast.
You visited 1 branch of the dungeon, and saw 3 of its levels.

You collected 153 gold pieces.

Inventory:

Jewellery
 P - a ring of poison resistance (right tentacle)
 W - a ring of wizardry (left tentacle)
Talismans
 b - a beast talisman
 c - a flux talisman
 s - a beast talisman
Wands
 p - a wand of paralysis (6)
Scrolls
 g - 2 scrolls of identify {unknown}
 h - 2 scrolls of poison {unknown}
 i - a scroll of amnesia {unknown}
 k - a scroll of revelation {unknown}
 l - a scroll of enchant armour {unknown}
 q - a scroll of teleportation {unknown}
 r - a scroll of blinking {unknown}
Potions
 a - a potion of lignification
 d - 2 potions of curing {unknown}
 e - 2 potions of magic {unknown}
 f - a potion of cancellation {unknown}
 j - 4 potions of heal wounds {unknown}
 m - a potion of haste {unknown}
 n - a potion of brilliance {unknown}
 o - a potion of attraction {unknown}


   Skills:
 + Level 2.2 Fighting
 + Level 2.8 Dodging
 + Level 3.6 Unarmed Combat
 * Level 4.0 Shapeshifting


You had 4 spell levels left.
You didn't know any spells.
Your spell library contained the following spells:

 Spells                   Type           Power      Damage    Failure   Level
 Necrotise                Necr           0%         1d4       13%         1
 Jinxbite                 Hex            0%         N/A       21%         2
 Lesser Beckoning         Tloc           0%         N/A       21%         2
 Gell's Gravitas          Tloc           0%         N/A       36%         3
 Teleport Other           Tloc           0%         N/A       36%         3
 Vampiric Draining        Necr           0%         2d6       36%         3
 Martyr's Knell           Necr/Summ      0%         N/A       75%         4
 Curse of Agony           Necr           0%         N/A       97%         5
 Yara's Violent Unravell  Hex/Alch       0%         3d3       97%         5
 Enfeeble                 Hex            0%         N/A       100%        7


Dungeon Overview and Level Annotations

Branches:
Dungeon (3/15)

Altars:

Shops:
D:3 :


Innate Abilities, Weirdness & Mutations

You are a hulking beast.
Your limbs bulge with bestial killing power. (Slay +2)
You cannot wear most types of armour.
You are amphibious.
You can wear up to eight rings at the same time.
Your skin changes colour to match your surroundings (Stealth+).
Your rubbery body absorbs attacks. (AC +1, EV +1)
((You are camouflaged when in or above water. (Stealth+)))
You have tentacles for arms and can constrict up to eight enemies at once.


Message History

Found a stone staircase leading up.
You open the door.
You see here a +0 flail.
You see here a +0 flail.
You see here a +0 robe.
s - a beast talisman A gnoll comes into view.
It is wielding a +0 spear. 2 gnolls come into view.
The gnoll shouts! x3; You hear an angry hiss.
You hear a shout!
You hear a shout!
The gnoll hits you with a +0 spear!
You take 8 damage, and have 26/34 hp.
MASSIVE DAMAGE!!
You tentacle-slap the gnoll but do no damage.
You grab the gnoll. You squeeze the gnoll.
The gnoll is lightly wounded.
You constrict the gnoll. The gnoll misses you. The gnoll closely misses you.
You completely miss the gnoll.
The gnoll is lightly wounded.
You constrict the gnoll. The gnoll completely misses you. The gnoll misses you.
You tentacle-slap the gnoll.
The gnoll is severely wounded.
You constrict the gnoll, but do no damage.
The gnoll hits you but does no damage.
A gnoll comes into view. It is wielding a +0 flail.
The gnoll hits you with a +0 spear.
You take 4 damage, and have 23/34 hp.
You barely miss the gnoll.
The gnoll is severely wounded.
You constrict the gnoll.
The gnoll hits you from afar with a +0 spear.
The gnoll hits you with a +0 spear!
You take 12 damage, and have 11/34 hp.
MASSIVE DAMAGE!!
You tentacle-slap the gnoll.
You kill the gnoll!
The gnoll hits you from afar with a +0 spear.
* * * LOW HITPOINT WARNING * * *
You take 6 damage, and have 5/34 hp.
The gnoll attacks as it pursues you!
The gnoll hits you from afar with a +0 spear.
You die...

#.. ...#####
#.#################
#.#................
#g#.#####..#.......
#g#.#...#..#.######
#.#.#.#.#..#.#<....
#g#.....#..#.#.#..#
#.###.###..#.#.#..#
#.h........#.#.#..#
###........#.#.####
##########.#...†.
#.............###
#####'######.........
#......####..........
#....................
#......####..........
#......# #.....##..>


You could see 3 gnolls.

Vanquished Creatures
  A gnoll (D:3)
  6 adders
  A ribbon worm (D:2)
  3 orcs (D:3)
  5 ball pythons
  4 bats
  8 endoplasms
  3 giant cockroaches (D:1)
  5 goblins (D:1)
  2 hobgoblins (D:1)
  6 kobolds
  3 quokkas
  2 frilled lizards (D:2)
  7 rats
56 creatures vanquished.

Notes
Turn   | Place    | Note
-------+----------+-------------------------------------------
     0 | D:1      | Dirtsage the Octopode Shapeshifter began the quest for the
                  | Orb.
     0 | D:1      | Reached XP level 1. HP: 13/13 MP: 1/1
   116 | D:1      | Reached XP level 2. HP: 17/18 MP: 2/2
   238 | D:1      | Noticed a golden eye
   241 | D:1      | Found a faded altar of an unknown god.
   244 | D:1      | Noticed an eye of devastation
   244 | D:1      | Noticed an eye of devastation
   244 | D:1      | Noticed a golden eye
   375 | D:1      | Reached XP level 3. HP: 21/23 MP: 3/3
   876 | D:2      | Reached XP level 4. HP: 29/29 MP: 4/4
  2003 | D:3      | Found Urerales's Book Boutique.
  2287 | D:3      | Reached skill level 4 in Shapeshifting
  2287 | D:3      | Reached XP level 5. HP: 34/34 MP: 5/5
  2365 | D:3      | Slain by a gnoll

Illustrated notes

Levels and vault maps discovered:
D:1:      mainiacjoe_arrival_reflecting_pool, layout_loops_cross,
          hellmonk_ecumenical_altar_watching_god
D:2:      layout_basic
D:3:      layout_basic, serial_shops, nicolae_shop_window_shopping

Skill      XL: |  1  2  3  4 |
---------------+-------------+-----
Fighting       | 2 |  2.2
Shapeshifting  | 4 |  4.0
Dodging        | |  2.8
Unarmed Combat | |  3.6

Action                     |  1- 3 |  4- 6 || total
---------------------------+-------+-------++-------
  Melee: Unarmed           |    65 |    44 ||   109
         Constrict         |    17 |    14 ||    31
         Tentacles         |     9 |    10 ||    19
         Punch             |     3 |     2 ||     5
   Stab: Sleeping          |     9 |     3 ||    12
         Distracted        |     1 |       ||     1
 Armour: Skin              |    15 |    15 ||    30
  Dodge: Dodged            |    29 |    33 ||    62

Table legend: (Time is in decaauts)
 A = Elapsed time spent in this place.
 B = Non-inter-level travel time spent in this place.
 C = Inter-level travel time spent in this place.
 D = Time resting spent in this place.
 E = Time spent auto-exploring this place.
 F = Levels seen in this place.
 G = Mean time per level.
                   A        B        C        D        E       F      G
               +--------+--------+--------+--------+--------+-----+--------+
         Total |   2356 |   2303 |     53 |      0 |   1985 |   3 |  785.3 |
       Dungeon |   2356 |   2303 |     53 |      0 |   1985 |   3 |  785.3 |
               +--------+--------+--------+--------+--------+-----+--------+

Top non-repeatable levels by time:
     D:2: 909 daAuts
     D:3: 737 daAuts
     D:1: 709 daAuts
